General information
- name: BNet
- type: Ladder 1vs1/FFA
- host: Battle.net
- saver:
map: TirisfalGlades
- players: 2
- length: 47:29
- speed: Fast
- version: 1.26 W3XP
- replay type: Public
» download(117 KB)
Players
team 1 (winner)
Slytha (
teal | 38 APM | 1158 actions | 30:49)
3 Archmage
2 Summon Water Elemental
1 Brilliance Aura
» actions
| Basic commands | 38 | |
| Build / train | 63 | |
| Enter build submenu | 38 | |
| Enter hero's abilities submenu | 3 | |
| Give item / drop item | 4 | |
| Right click | 566 | |
| Select / deselect | 344 | |
| Use ability | 102 | |
1158 total
» units
| Peasant | 21 | |
| Footman | 5 | |
| Priest | 9 | |
| Sorceress | 5 | |
40 total
» upgrades
» buildings
| Altar of Kings | 1 | |
| Farm | 11 | |
| Lumber Mill | 1 | |
| Barracks | 1 | |
| Scout Tower | 12 | |
| Keep | 1 | |
| Arcane Vault | 2 | |
| Guard Tower | 8 | |
| Arcane Sanctum | 2 | |
| Town Hall | 2 | |
41 total
» build order
00:08 Altar of Kings
00:12 Farm
00:54 Lumber Mill
01:17 Barracks
01:33 Farm
03:06 Scout Tower
03:07 Scout Tower
03:32 Scout Tower
03:41 Keep
03:43 Farm
03:58 Arcane Vault
04:00 Guard Tower
04:03 Scout Tower
04:21 Scout Tower
04:49 Guard Tower
05:09 Guard Tower
06:25 Scout Tower
06:28 Farm
06:31 Arcane Vault
07:03 Arcane Sanctum
07:08 Arcane Sanctum
07:24 Guard Tower
09:03 Farm
09:40 Farm
09:42 Farm
09:43 Farm
11:02 Guard Tower
11:04 Guard Tower
11:05 Guard Tower
12:38 Scout Tower
12:39 Scout Tower
12:47 Scout Tower
12:49 Scout Tower
12:51 Scout Tower
13:02 Scout Tower
13:33 Guard Tower
13:49 Town Hall
16:55 Town Hall
19:52 Farm
19:55 Farm
19:57 Farm
» items
| Scroll of Regeneration | 2 | |
| Lesser Clarity Potion | 2 | |
| Ivory Tower | 4 | |
| Potion of Healing | 1 | |
9 total
team 2 (loser)
GoofyKlownFace (
red | 41 APM | 1940 actions | 47:29)
6 Goblin Tinker
3 Pocket Factory
2 Engineering Upgrade
1 Robo-Goblin
5 Archmage
3 Summon Water Elemental
2 Brilliance Aura
» actions
| Assign group hotkey | 56 | |
| Basic commands | 142 | |
| Build / train | 91 | |
| ESC pressed | 1 | |
| Enter build submenu | 29 | |
| Enter hero's abilities submenu | 11 | |
| Give item / drop item | 1 | |
| Right click | 761 | |
| Select / deselect | 492 | |
| Select group hotkey | 195 | |
| Use ability | 161 | |
1940 total
» units
| Peasant | 16 | |
| Footman | 9 | |
| Rifleman | 7 | |
| Mortar Team | 2 | |
| Knight | 2 | |
36 total
» upgrades
| Defend | 1 | |
| Lumber Harvesting | 2 | |
| Gunpowder | 1 | |
| Long Rifles | 1 | |
| Masonry | 1 | |
6 total
» buildings
| Barracks | 1 | |
| Farm | 7 | |
| Altar of Kings | 1 | |
| Scout Tower | 31 | |
| Arcane Tower | 6 | |
| Keep | 1 | |
| Arcane Vault | 2 | |
| Lumber Mill | 2 | |
| Castle | 1 | |
| Blacksmith | 2 | |
| Workshop | 2 | |
| Town Hall | 2 | |
| Guard Tower | 1 | |
| Cannon Tower | 2 | |
61 total
» build order
00:06 Barracks
00:23 Farm
00:24 Farm
00:44 Altar of Kings
01:33 Scout Tower
02:07 Arcane Tower
02:08 Arcane Tower
02:17 Farm
03:33 Keep
03:39 Arcane Vault
03:44 Lumber Mill
06:28 Castle
06:39 Blacksmith
06:41 Blacksmith
06:41 Farm
07:43 Scout Tower
07:43 Scout Tower
08:40 Arcane Tower
09:15 Farm
09:34 Farm
10:09 Workshop
10:27 Farm
13:56 Town Hall
14:00 Scout Tower
14:00 Scout Tower
14:01 Scout Tower
14:38 Arcane Tower
14:39 Arcane Tower
14:40 Guard Tower
17:01 Arcane Vault
18:46 Lumber Mill
25:33 Town Hall
27:24 Scout Tower
27:25 Scout Tower
27:26 Scout Tower
27:27 Scout Tower
27:29 Scout Tower
27:29 Scout Tower
27:30 Scout Tower
27:31 Scout Tower
27:32 Scout Tower
27:33 Scout Tower
27:33 Scout Tower
27:34 Scout Tower
27:39 Scout Tower
27:39 Scout Tower
27:40 Scout Tower
27:41 Scout Tower
27:45 Scout Tower
27:45 Scout Tower
27:46 Scout Tower
27:47 Scout Tower
27:54 Scout Tower
27:55 Scout Tower
27:59 Scout Tower
28:00 Scout Tower
28:06 Workshop
28:43 Scout Tower
29:30 Cannon Tower
29:30 Cannon Tower
» items
| Scroll of Regeneration | 5 | |
| Potion of Healing | 4 | |
| Lesser Clarity Potion | 7 | |
| Scroll of Town Portal | 4 | |
| Staff of Teleportation | 1 | |
| Staff of Sanctuary | 1 | |
| Scroll of Healing | 1 | |
| Potion of Mana | 1 | |
24 total
Chat log
(17:21 / All) GoofyKlownFace: LOL
(17:43 / All) GoofyKlownFace: why are you still here?
(17:49 / All) Slytha: good question
(17:53 / All) Slytha: gg
(17:53 / All) GoofyKlownFace: leave fag?
(17:58 / All) Slytha: no
(17:59 / All) Slytha: lol
(18:05 / All) GoofyKlownFace: noobs never do
(18:05 / All) Slytha: now ill wait
(18:16 / All) GoofyKlownFace: they always wait when theyre a
(18:17 / All) GoofyKlownFace: mad
(18:17 / All) Slytha: ill just sit here now
(18:24 / All) GoofyKlownFace: yes i know youre angry
(18:33 / All) Slytha: i dont give a fuck
(18:36 / All) GoofyKlownFace: clearly yu do
(18:36 / All) Slytha: so whatever
(18:56 / All) Slytha: if i cared
(19:02 / All) GoofyKlownFace: you would be typing at me?
(19:03 / All) GoofyKlownFace: :D
(19:12 / All) Slytha: eh
(19:24 / All) GoofyKlownFace: oh look more free food
(19:42 / All) Slytha: i was gonna leave after i said gg but you called me a fag
(19:45 / All) Slytha: so ill wait lol
(19:48 / All) GoofyKlownFace: crybaby?
(20:10 / All) Slytha: nah
(20:15 / All) GoofyKlownFace: they always deny it
(20:17 / All) Slytha: just wanna make you mad
(20:23 / All) GoofyKlownFace: so youre making me mad
(20:28 / All) GoofyKlownFace: by showing me how mad you are?
(20:29 / All) Slytha: yup
(20:33 / All) Slytha: no?
(20:37 / All) Slytha: im not mad
(20:39 / All) GoofyKlownFace: of course not
(20:40 / All) GoofyKlownFace: :)
(20:45 / All) GoofyKlownFace: why are you here then
(20:48 / All) GoofyKlownFace: this should be good
(21:09 / All) GoofyKlownFace: type faster
(21:12 / All) GoofyKlownFace: i know youre not busy microing
(21:13 / All) Slytha: okay
(21:17 / All) Slytha: im not
(21:24 / All) Slytha: no untis lol
(21:32 / All) GoofyKlownFace: you didnt micro when you had them
(21:36 / All) Slytha: i know
(21:39 / All) Slytha: i suck
(21:50 / All) GoofyKlownFace: is it fun to suck?
(21:55 / All) GoofyKlownFace: i think you should uninstall
(21:56 / All) Slytha: im not really too good so i hope your proud of yourself
(22:04 / All) GoofyKlownFace: *you're
(22:07 / All) Slytha: see your mad now im happy
(22:13 / All) GoofyKlownFace: *you're
(22:16 / All) Slytha: your mad
(22:19 / All) GoofyKlownFace: tell yourself whatever you need to :)
(22:29 / All) Slytha: why dont u just win already lol
(22:39 / All) GoofyKlownFace: if i wanted a fast win
(22:44 / All) GoofyKlownFace: would i be screwing around with a tinker?
(22:52 / All) Slytha: no
(22:57 / All) Slytha: but still
(23:01 / All) GoofyKlownFace: but still what
(23:01 / All) Slytha: you wanted me to leave
(23:06 / All) Slytha: so why not just win
(23:08 / All) Slytha: so its over
(23:17 / All) GoofyKlownFace: i wanted you to stay so i could be entertained more
(23:27 / All) Slytha: oh okay good
(23:28 / All) GoofyKlownFace: youre like the millionth noob to sit in base after i told them to leave
(23:30 / All) GoofyKlownFace: works every time
(23:41 / All) Slytha: so you like this then!
(23:44 / All) Slytha: thats good
(23:46 / All) GoofyKlownFace: mm yes
(23:53 / All) GoofyKlownFace: type more exclamation points
(23:56 / All) GoofyKlownFace: gets me hard
(23:58 / All) Slytha: i will!
(24:58 / All) Slytha: wow
(25:06 / All) Slytha: now thats funny
(25:21 / All) Slytha: i wish i could play you again
(25:25 / All) GoofyKlownFace: oh you will
(25:30 / All) Slytha: will i?
(25:37 / All) GoofyKlownFace: unless you take my advice and uninstall
(25:42 / All) GoofyKlownFace: which you should
(25:45 / All) Slytha: no no
(25:51 / All) Slytha: i think ill keep this installed
(25:52 / All) GoofyKlownFace: cant imagine why sucking this bad is fun
(26:03 / All) Slytha: its not but pissing you off is
(26:14 / All) GoofyKlownFace: youre trying really hard to convince yourself that im mad
(26:31 / All) Slytha: ok so you're not mad
(26:36 / All) GoofyKlownFace: im not the one who cried and went "waah waaah u called me a fag im gonna waste ur time"
(26:37 / All) GoofyKlownFace: :D
(26:58 / All) Slytha: yupp cause i got tears running down my face lol
(27:11 / All) GoofyKlownFace: you never explained why youre still here
(27:18 / All) GoofyKlownFace: staring at immobile buildings
(27:23 / All) Slytha: im bored
(27:34 / All) Slytha: this is fun
(28:29 / All) Slytha: this is interesting
(28:47 / All) Slytha: ive never seen someone do this before
(29:51 / All) Slytha: well sir
(29:59 / All) Slytha: looks like my time is about up
(30:03 / All) GoofyKlownFace: no it isnt
(30:06 / All) GoofyKlownFace: not until you leave
(30:11 / All) Slytha: well
(30:13 / All) Slytha: i wont
(30:14 / All) GoofyKlownFace: im just making it easier for you
(30:20 / All) Slytha: so ill wait till your towers kill me
(30:46 / All) Slytha: i dont give a fuck